 Dungeon Crawl Stone Soup version 0.30-a0-222-ge547ba4400 (webtiles) character file.

Game seed: 9737380829193717819

27955 berneep the Cleaver (level 13, -3/112 (114) HPs)
             Began as a Troll Fighter on Oct 8, 2022.
             Was the Champion of Hepliaklqana.
             Slain by a hell hog (4 damage)
             ... on level 2 of the Abyss.
             The game lasted 01:25:37 (11435 turns).

berneep the Cleaver (Troll Fighter)                Turns: 11435, Time: 01:25:38

HP:   -3/112 (114)  AC:  6    Str: 32 (35) XL:     13   Next: 7%
MP:   12/12         EV: 17    Int: -5 (-3) God:    Hepliaklqana [******]
Gold: 1024          SH: 11    Dex: 19      Spells: 12/12 levels left

rFire   . . .      SeeInvis .    z - +5 war axe of Attainder {drain, rPois rN+ Int-3 Dex+10}
rCold   + + .      Faith    .    c - +0 kite shield
rNeg    + + .      Spirit   .    N - +0 troll leather armour
rPois   +          Reflect  .    (helmet restricted)
rElec   .          Harm     .    D - scarf {+Inv}
rCorr   +          Rampage  .    (gloves unavailable)
Will    .....                    (boots unavailable)
Stlth   +++.......               J - amulet of regeneration
HPRegen 2.78/turn                f - +4 ring of evasion
MPRegen 0.13/turn                y - ring "Sifrih" {rC++ rN+ rCorr Str+4 Slay-6}

@: slowed, lost intelligence, lightly drained, unable to read, unable to drink,
very slow
A: reduced essence, large, unfitting armour, claws 3, regeneration 1, shaggy fur
1, tough skin 1, [deterioration 2], [dopey 2], [no potion heal 2], [inability to
drink after injury 2]
a: Renounce Religion, Evoke Invisibility, Recall Ancestor, Ancestor Identity,
Transference, Idealise


You were on level 2 of the Abyss.
You worshipped Hepliaklqana.
Hepliaklqana was exalted by your worship.
You visited 3 branches of the dungeon, and saw 16 of its levels.
You visited the Abyss 1 time.
You also visited: Gauntlet.

You collected 1024 gold pieces.

Inventory:

Hand Weapons
 o - a +5 spectral hand axe
 z - the +5 war axe of Attainder (weapon) {drain, rPois rN+ Int-3 Dex+10}
   (You found it on level 7 of the Dungeon)

   A truly terrible weapon, it drains the life of any living foe it strikes.
   Int:       It affects your intelligence (-3).
   Dex:       It affects your dexterity (+10).
   rPois:     It protects you from poison.
   rN:        It protects you from negative energy.
 S - the +6 flail of the Fifty Stars {pain, SInv}
   (You found it on level 12 of the Dungeon)

   In the hands of one skilled in necromantic magic, it inflicts extra damage on
   living creatures.
   SInv:      It lets you see invisible.
Missiles
 e - 9 poisoned darts (quivered)
 h - 147 stones
Armour
 b - a +1 robe
 c - a +0 kite shield (worn)
 s - the +3 chain mail "Lymavuyt" {rPois Int+4 Stlth+}
   (You found it on level 4 of the Dungeon)

   Int:       It affects your intelligence (+4).
   rPois:     It protects you from poison.
   Stlth:     It makes you more stealthy.
 u - a +0 helmet
 w - +0 steam dragon scales
 D - a scarf of invisibility (worn)
 G - +3 acid dragon scales
 I - +0 steam dragon scales
 N - a +0 troll leather armour (worn)
 T - a scarf of invisibility
Magical Staves
 F - a staff of fire
 L - a staff of cold
Jewellery
 f - a +4 ring of evasion (left claw)
 i - a ring of wizardry
 k - a ring of fire
 l - a ring of poison resistance
 y - the ring "Sifrih" (right claw) {rC++ rN+ rCorr Str+4 Slay-6}
   (You acquired it on level 7 of the Dungeon)

   [ring of resist corrosion]

   Str:       It affects your strength (+4).
   Slay:      It affects your accuracy & damage with ranged weapons and melee
   (-6).
   rC:        It greatly protects you from cold.
   rN:        It protects you from negative energy.
   rCorr:     It protects you from acid and corrosion.
 B - a ring of protection from cold
 C - a ring of magical power
 J - an amulet of regeneration (around neck)
 P - a ring of protection from cold
 V - a ring of protection from fire
Wands
 n - a wand of flame (33)
 x - a wand of polymorph (6)
 K - a wand of digging (6)
 O - a wand of quicksilver (4)
 X - a wand of roots (6)
Scrolls
 g - 9 scrolls of teleportation
 j - 2 scrolls of blinking
 q - 5 scrolls of fog
 r - 2 scrolls of poison
 M - a scroll of magic mapping
 R - a scroll of brand weapon
 Y - a scroll of silence {unknown}
Potions
 a - a potion of flight
 d - 3 potions of might
 m - 2 potions of invisibility
 p - 2 potions of haste
 t - a potion of lignification
 v - 5 potions of curing
 A - a potion of resistance
 E - 2 potions of brilliance
 H - 2 potions of mutation
 W - a potion of berserk rage
Miscellaneous
 Q - a phial of floods


   Skills:
 + Level 7.7 Fighting
 + Level 10.7(10.9) Axes
 + Level 2.9(8.0) Maces & Flails
 + Level 3.7 Throwing
 + Level 4.6 Armour
 + Level 8.3 Dodging
 + Level 4.3 Stealth
 + Level 7.0 Shields
 + Level 4.8 Unarmed Combat


You had 12 spell levels left.
You didn't know any spells.
Your spell library contained the following spells:

 Spells                   Type           Power      Damage    Failure   Level
 Magic Dart               Conj           0%         1d3       86%         1
 Slow                     Hex            0%         N/A       86%         1
 Call Imp                 Summ           0%         N/A       95%         2
 Cigotuvi's Dreadful Rot  Necr/Pois/Air  0%         N/A       95%         2
 Searing Ray              Conj           0%         2d4       95%         2
 Sublimation of Blood     Necr           0%         N/A       95%         2
 Confusing Touch          Hex            0%         N/A       99%         3
 Dazzling Flash           Conj/Hex       0%         N/A       99%         3
 Ignite Poison            Fire/Tmut/Pois 0%         N/A       99%         3
 Kindle Blastsparks       Fire/Tloc/Air  0%         2d10      99%         3
 Mephitic Cloud           Conj/Pois/Air  0%         N/A       99%         3
 Vampiric Draining        Necr           0%         2d6       99%         3
 Animate Armour           Summ/Erth      0%         N/A       100%        4
 Dispel Undead            Necr           0%         3d6       100%        4
 Fulminant Prism          Conj/Hex       0%         3d6       100%        4
 Iskenderun's Mystic Bla  Conj/Tloc      0%         2d3       100%        4
 Petrify                  Tmut/Erth      0%         N/A       100%        4
 Blade Hands              Tmut           0%         N/A       100%        5
 Freezing Cloud           Conj/Ice/Air   0%         6-21      100%        5
 Irradiate                Conj/Tmut      0%         3d11      100%        5
 Iskenderun's Battlesphe  Conj           0%         2d6       100%        5
 Death Channel            Necr           0%         N/A       100%        6
 Iron Shot                Conj/Erth      0%         9d1       100%        6
 Starburst                Conj/Fire      0%         6d3       100%        6
 Spellforged Servitor     Conj/Summ      0%         N/A       100%        7


Dungeon Overview and Level Annotations

Branches:
Dungeon (14/15)            Temple (1/1) D:6            Lair (0/5) D:11
    Orc (1/2) D:11        Gauntlet (visited)
 Vaults: D:13-14

Altars:
Ashenzari
Cheibriados
Dithmenos
Elyvilon
Fedhas
Gozag
Hepliaklqana
Kikubaaqudgha
Makhleb
Nemelex Xobeh
Okawaru
Qazlal
Ru
Sif Muna
Trog
Uskayaw
Vehumet
Wu Jian
Xom
Yredelemnul
Zin
The Shining One

Shops:
D:7 !

Annotations:
D:11 3 runed translucent doors, Siyzophu's ghost, journeyman GnWn
D:14 Louise


Innate Abilities, Weirdness & Mutations

Your life essence is reduced to manifest your ancestor. (-10% HP)
You are too large for most types of armour.
You have claws for hands.
Your natural rate of healing is unusually fast.
You are covered in fur. (AC +1)
You have tough skin. (AC +1)
[Your body often deteriorates upon taking damage.]
[You are very dopey. (Int -4)]
[Potions cannot restore your health.]
[You sometimes lose the ability to drink potions when taking damage.]


Message History

The fireball engulfs the hell hog.
The hell hog completely resists.
The fireball engulfs the hell hog.
The hell hog completely resists.
Gaius gestures at the hell hog while chanting.
The stone arrow hits the hell hog!
The hell hog bites Gaius!
You block the hellwing's attack. The hellwing barely misses you.
The smoke demon gestures at you. Something smites you!
Gaius hits the hell hog with a +0 quarterstaff!!
The smoke demon gestures at you.
The sticky flame hits Gaius.
Gaius resists.
Gaius gestures at the smoke demon while chanting.
The puff of frost misses the smoke demon.
You barely miss the hellwing.
The hellwing is lightly wounded.
Gaius hits the smoke demon with a +0 quarterstaff! x2
You hit the hell hog but do no damage. The hell hog breathes fire at you.
The fireball explodes!
The fireball engulfs you!!
* * * LOW HITPOINT WARNING * * *
Your body deteriorates!
You feel weakened.
The fireball engulfs the hell hog.
The hell hog completely resists.
You block the hell hog's attack.
Gaius barely misses the smoke demon.
The hell hog bites you!
* * * LOW HITPOINT WARNING * * *
The hell hog breathes fire at you.
The fireball explodes!
The fireball engulfs the hell hog.
The hell hog completely resists.
The fireball engulfs the hell hog.
The hell hog completely resists.
The fireball engulfs you!!
* * * LOW HITPOINT WARNING * * *
Your body deteriorates!
You feel weakened.
You cannot drink potions in your current state!
You cannot read scrolls in your current state!
You cannot drink potions in your current state!
The hell hog barely misses you. The hell hog breathes fire at you.
The fireball explodes!
The fireball engulfs you!
* * * LOW HITPOINT WARNING * * *
The hell hog attacks as you move away! The hell hog bites you.
You die...

........ . #.. ...
......... ....... #
#.....h. # ##.
.....# .#
.........# #.#
.........######..#
.......###.#.@#.#
...≈...R34###.h..#
..........h##....#
...###....#...###.#
. # ...###..# ##
...#.##..# ##.#
.#...# ## #.#.#.
.#.###


You could see a hell hog.

Vanquished Creatures
  Erolcha (D:11)
  A centaur warrior (D:13)
  3 boulder beetles (D:12)
  A two-headed ogre (D:9)
  A skeletal warrior (D:12)
  A deep elf pyromancer (D:13)
  A manticore (D:10)
  2 cyclopes (D:12)
  An unseen horror (D:12)
  A kobold demonologist (D:10)
  A komodo dragon (D:13)
  3 trolls
  A wolf spider simulacrum (D:10)
  5 slime creatures
  9 yaks
  2 wraiths (D:12)
  2 shadows
  Eustachio (D:4)
  3 vampire mosquitoes (D:12)
  A steam dragon (D:10)
  An acid dragon (D:9)
  2 water moccasins
  A meliai simulacrum (D:10)
  2 orc warriors
  A wolf (D:11)
  2 centaurs
  A kobold brigand (D:8)
  A bullfrog (D:8)
  2 necrophages (D:5)
  5 wights (D:10)
  3 killer bees (D:9)
  An electric eel (D:9)
  2 howler monkeys
  A centaur zombie (D:5)
  2 bullfrog zombies (D:5)
  2 orc priests (D:4)
  2 hounds
  A gnoll bouda (D:9)
  5 orc wizards
  Jessica (D:3)
  2 iguanas (D:5)
  A scorpion zombie (D:5)
  A mummy (D:5)
  2 gnolls
  An adder (D:5)
  2 white imps (D:8)
  An ufetubus (Abyss:2)
  A worm (D:3)
  18 orcs
  4 endoplasms
  4 giant cockroaches
  5 goblins
  8 hobgoblins
  A jackal (D:2)
  10 kobolds
  A quokka (D:2)
  4 ball pythons
  2 bats
  3 rats
150 creatures vanquished.

Vanquished Creatures (collateral kills)
  The ghost of ThrustWizard the Impaler, a journeyman DsFi of Ignis (D:10)
  A boulder beetle (D:12)
  2 two-headed ogres (D:11)
  A wretched star (Abyss:2)
  A glowing orange brain (Abyss:2)
  5 ugly things
  4 cyclopes
  2 spectral centaurs (D:10)
  2 gargoyles
  2 unseen horrors (D:10)
  2 trolls
  Prince Ribbit (D:8)
  3 slime creatures (D:13)
  A centaur simulacrum (D:10)
  A vampire (D:12)
  2 wraiths (D:11)
  A wyvern (D:11)
  A small abomination (Abyss:2)
  2 large abominations (Abyss:2)
  3 yaks
  A steam dragon (D:7)
  2 vampire mosquitoes (D:12)
  A warg (Orc:1)
  An acid dragon (D:10)
  2 water moccasins
  2 orc warriors (Orc:1)
  An ice beast (D:7)
  2 black bears
  2 sky beasts
  3 centaurs (D:8)
  2 wolves (D:11)
  2 bullfrogs (D:8)
  A necrophage (D:6)
  2 scorpions
  A water moccasin zombie (D:5)
  3 wights (D:10)
  3 killer bees (D:9)
  2 howler monkeys
  9 electric eels
  2 bullfrog zombies (D:5)
  2 jellies
  An orc priest (D:9)
  6 hounds
  A human zombie (D:5)
  3 iguanas
  6 orc wizards
  A mummy (D:5)
  4 gnolls
  3 adders
  2 white imps
  An adder zombie (D:5)
  A worm (D:3)
  A dart slug (D:3)
  13 orcs
  3 bats
  6 endoplasms
  2 giant cockroaches (D:4)
  3 goblins
  A hobgoblin (D:4)
  A jackal (D:2)
  5 ball pythons
  7 kobolds
  2 rats
  A bush (D:5)
158 creatures vanquished.

Vanquished Creatures (others)
  11 battlemagi
  A butterfly (D:5)
  24 plants
36 creatures vanquished.

Grand Total: 344 creatures vanquished

Notes
Turn   | Place    | Note
-------+----------+-------------------------------------------
     0 | D:1      | berneep the Troll Fighter began the quest for the Orb.
     0 | D:1      | Reached XP level 1. HP: 22/22 MP: 0/0
    96 | D:1      | Found a faded altar of an unknown god.
   108 | D:1      | Prayed at the altar of an unknown god.
   108 | D:1      | Became a worshipper of Hepliaklqana the Forgotten
   108 | D:1      | Reached * piety under Hepliaklqana
   252 | D:1      | Reached XP level 2. HP: 26/26 MP: 1/1
   745 | D:2      | Reached XP level 3. HP: 30/32 MP: 2/2
   748 | D:2      | Reached ** piety under Hepliaklqana
   749 | D:2      | Remembered your ancestor Gaius as a battlemage
  1354 | D:3      | Noticed Jessica
  1359 | D:3      | Killed Jessica
  1360 | D:3      | Reached skill level 1 in Unarmed Combat
  1360 | D:3      | Reached XP level 4. HP: 24/40 MP: 3/3
  1450 | D:3      | Found a hide-covered altar of Uskayaw.
  2068 | D:3      | Noticed a black bear
  2074 | D:3      | Killed a black bear
  2075 | D:3      | Reached XP level 5. HP: 41/47 MP: 4/4
  2453 | D:4      | Found an ornate altar of the Wu Jian Council.
  2454 | D:4      | Noticed Eustachio
  2468 | D:4      | Killed Eustachio
  2469 | D:4      | Reached XP level 6. HP: 50/54 MP: 5/5
  2814 | D:4      | Reached *** piety under Hepliaklqana
  2928 | D:4      | Identified the +3 chain mail "Lymavuyt" {rPois Int+4
                  | Stlth+}
  3041 | D:5      | Entered Level 5 of the Dungeon
  3059 | D:5      | Found a white marble altar of Elyvilon.
  3086 | D:5      | Reached skill level 1 in Stealth
  3086 | D:5      | Reached XP level 7. HP: 60/60 MP: 6/6
  3369 | D:5      | Reached skill level 1 in Axes
  3506 | D:5      | Reached skill level 2 in Axes
  3526 | D:5      | Found a basalt altar of Yredelemnul.
  3555 | D:5      | Reached XP level 8. HP: 70/70 MP: 7/7
  3621 | D:5      | Found an iron altar of Okawaru.
  3716 | D:5      | Reached skill level 3 in Axes
  3989 | D:6      | Found a bloodstained altar of Trog.
  4039 | D:6      | Found a staircase to the Ecumenical Temple.
  4067 | Temple   | Entered the Ecumenical Temple
  4157 | D:6      | Reached skill level 4 in Axes
  4287 | D:6      | Reached **** piety under Hepliaklqana
  4393 | D:6      | Found a faded altar of an unknown god.
  4393 | D:6      | Found a faded altar of an unknown god.
  4393 | D:6      | Found a hazy altar of Hepliaklqana.
  4393 | D:6      | Found a faded altar of an unknown god.
  4395 | D:6      | Found a faded altar of an unknown god.
  5053 | D:7      | Reached skill level 5 in Axes
  5053 | D:7      | Reached XP level 9. HP: 56/76 MP: 8/8
  5078 | D:7      | Found Yssaff's Distillery.
  5402 | D:7      | Found a shimmering altar of Xom.
  5432 | D:7      | Identified the +5 war axe of Attainder {drain, rPois rN+
                  | Int-3 Dex+10}
  5435 | D:7      | Identified a scroll of acquirement
  5435 | D:7      | Acquired the ring "Sifrih" {rC++ rN+ rCorr Str+4 Slay-6}
  5474 | D:7      | Found a burning altar of Makhleb.
  5678 | D:7      | Reached ***** piety under Hepliaklqana
  5896 | D:8      | Reached skill level 5 in Dodging
  6068 | D:8      | Noticed Prince Ribbit
  6081 | D:8      | Killed Prince Ribbit
  6082 | D:8      | Reached skill level 5 in Fighting
  6369 | D:8      | Reached skill level 6 in Axes
  6496 | D:9      | Found a glowing golden altar of the Shining One.
  6511 | D:9      | Noticed a two-headed ogre
  6519 | D:9      | Killed a two-headed ogre
  6520 | D:9      | Reached XP level 10. HP: 76/86 MP: 9/9
  6573 | D:9      | Found an ancient bone altar of Kikubaaqudgha.
  6638 | D:9      | Found a glowing silver altar of Zin.
  6978 | D:9      | Reached skill level 7 in Axes
  6979 | D:9      | Noticed a brown ugly thing
  6990 | D:9      | Killed a brown ugly thing
  6991 | D:9      | Reached skill level 1 in Throwing
  7433 | D:10     | Entered Level 10 of the Dungeon
  7460 | D:10     | Reached skill level 1 in Armour
  7565 | D:10     | Found a runed translucent gate.
  7571 | D:10     | Found a runed translucent gate.
  7571 | D:10     | Found a runed translucent gate.
  7571 | D:10     | Noticed a spectral centaur warrior
  7574 | D:10     | Noticed ThrustWizard's ghost (journeyman DsFi)
  7574 | D:10     | Noticed a spectral centaur warrior
  7652 | D:10     | Noticed a manticore
  7677 | D:10     | Killed a manticore
  7712 | D:10     | Found a sparkling altar of Nemelex Xobeh.
  7994 | D:10     | Noticed a soul eater
  8012 | D:10     | Reached XP level 11. HP: 91/94 MP: 10/10
  8021 | D:10     | Reached skill level 8 in Axes
  8191 | D:10     | Killed ThrustWizard's ghost
  8197 | D:10     | Reached skill level 5 in Shields
  8256 | D:11     | Found a gate leading to a gauntlet.
  8260 | D:11     | Noticed a two-headed ogre
  8261 | D:11     | Noticed a minotaur
  8263 | Gauntlet | Entered a Gauntlet
  8263 | Gauntlet | Found a transporter.
  8266 | Gauntlet | Found a transporter.
  8269 | Gauntlet | Found a transporter.
  8269 | Gauntlet | Found a transporter.
  8271 | Gauntlet | Found a transporter.
  8278 | Gauntlet | Found a transporter.
  8281 | Gauntlet | Found a transporter.
  8281 | Gauntlet | Found a transporter.
  8338 | Gauntlet | Noticed a hell beast
  8347 | Gauntlet | Found a transporter.
  8361 | Gauntlet | Found a runed translucent gate.
  8363 | Gauntlet | Found a transporter.
  8364 | Gauntlet | Found a runed translucent gate.
  8365 | Gauntlet | Found a runed translucent gate.
  8367 | Gauntlet | Found a transporter.
  8369 | Gauntlet | Noticed a dire elephant
  8377 | Gauntlet | Found a transporter.
  8444 | D:11     | Noticed Siyzophu's ghost (journeyman GnWn)
  8446 | D:11     | Noticed a two-headed ogre
  8463 | D:11     | Found a runed translucent gate.
  8463 | D:11     | Found a runed translucent gate.
  8463 | D:11     | Found a runed translucent gate.
  8511 | D:11     | Noticed Erolcha
  8521 | D:11     | Killed Erolcha
  8650 | D:11     | Found a staircase to the Lair.
  8655 | D:11     | Noticed a two-headed ogre
  8714 | D:11     | Killed a two-headed ogre
  8864 | D:11     | Found a staircase to the Orcish Mines.
  9334 | D:11     | Noticed a two-headed ogre
  9342 | D:11     | Killed a two-headed ogre
  9343 | D:11     | Reached skill level 9 in Axes
  9458 | Orc:1    | Entered Level 1 of the Orcish Mines
  9489 | Orc:1    | Noticed a deep elf pyromancer
  9491 | Orc:1    | Noticed a deep elf knight
  9492 | Orc:1    | Identified the +0 chain mail of the Dolphin {rN+ rCorr
                  | Str+4}
  9496 | Orc:1    | Noticed an orc high priest
  9496 | Orc:1    | Noticed an orc knight
  9573 | D:12     | Identified the +6 flail of the Fifty Stars {pain, SInv}
  9603 | D:12     | Noticed a green ugly thing
  9612 | D:12     | Killed a green ugly thing
  9722 | D:12     | Noticed a boulder beetle
  9733 | D:12     | Killed a boulder beetle
  9734 | D:12     | Reached XP level 12. HP: 95/103 MP: 11/11
  9857 | D:12     | Noticed a boulder beetle
  9875 | D:12     | Killed a boulder beetle
  9888 | D:12     | Reached ****** piety under Hepliaklqana
 10019 | D:12     | Noticed a boulder beetle
 10132 | D:12     | Killed a boulder beetle
 10178 | D:12     | Reached skill level 10 in Axes
 10189 | D:12     | Noticed a boulder beetle
 10220 | D:12     | Killed a boulder beetle
 10994 | D:13     | Noticed a centaur warrior
 11004 | D:13     | Killed a centaur warrior
 11295 | D:14     | Noticed Louise
 11298 | Abyss:2  | Cast into level 2 of the Abyss (Louise)
 11301 | Abyss:2  | Lost intelligence.
 11310 | Abyss:2  | Reached XP level 13. HP: 73/114 MP: 10/12
 11362 | Abyss:2  | Noticed a lich
 11431 | Abyss:2  | HP: 5/112 [hell hog/fireball (20)]
 11434 | Abyss:2  | HP: 1/112 [hell hog/fireball (16)]
 11435 | Abyss:2  | Slain by a hell hog

Illustrated notes

Levels and vault maps discovered:
D:1:      nagdon_arrival_double_spiral, layout_rooms,
          hellmonk_ecumenical_altar_leap_of_faith, serial_bayou_lagoon_a
D:2:      layout_basic, minivault_19, lightli_corner_chamber
D:3:      wad_lake_hut, layout_basic, nicolae_overflow_crystal_walls,
          uniq_jessica
D:4:      layout_basic, old_standard_altar, uniq_eustachio
D:5:      nicolae_cairo_tiling, layout_basic, okawaru_altar_gauntlet_db,
          nicolae_elyvilon_peaceful_grove, lemuel_mausoleum_altar_yredelemnul
D:6:      layout_basic, mainiacjoe_overflow_concentric_impassable,
          nicolae_hepliaklqana_ecumenical_no_more, minmay_temple_entry_waves
D:7:      layout_basic, lemuel_crystal_altar, tgw_xom, serial_shops,
          nicolae_shop_temple_entry_statues_fountains
D:8:      layout_cave_pools, roderic_serpentine_path, uniq_prince_ribbit1
D:9:      layout_loops_ring, mainiacjoe_overflow_24_doors, kennysheep_mini,
          lemuel_crystal_altar, serial_bayou, serial_bayou_pond_c,
          serial_bayou_shore_a, serial_bayou_pond_b, serial_bayou_pond_d
D:10:     layout_roguey, mainiacjoe_overflow_alcove_4,
          gammafunk_ghost_necromancy, mrwooster_statue_mirror, st_stairs_4,
          hangedman_glass_teeth
D:11:     layout_grid_maze, erik_lair_island, orc_0_dummy,
          maelrawn_ghost_gauntlet_escape, gauntlet_entry_generic, uniq_erolcha
D:12:     minmay_box_of_statues, layout_irregular_city, lemuel_flame_loot_1
D:13:     layout_cave_pools
D:14:     lemuel_castle_with_subvaults [lemuel_castle_interior_carwin_2],
          layout_irregular_city, grunt_vaults_entry_fortified,
          kiku_gazebo_pond_becter, hangedman_decor_opposing,
          lightli_wizard_tower, uniq_louise
Temple:   dpeg_three_leaves_temple
Orc:1:    layout_caves, elf_legates, uniq_maurice
Abyss:2:  base:
D:13

Skill      XL: |  1  2  3  4  5  6  7  8  9 10 11 12 13 |
---------------+----------------------------------------+-----
Maces & Flails | 2 |  2.9
Shields        | 3 4 5 6 7 |  7.0
Fighting       | 3 4 5 6 7 |  7.7
Unarmed Combat | 1 2 3 4 |  4.8
Dodging        | 3 4 5 6 7 8 |  8.3
Stealth        | 1 2 3 4 |  4.3
Axes           | 2 5 6 7 9 10 | 10.7
Throwing       | 2 3 |  3.7
Armour         | 2 3 4 |  4.6

Action                   |  1- 3 |  4- 6 |  7- 9 | 10-12 | 13-15 || total
-------------------------+-------+-------+-------+-------+-------++-------
Melee: Flail             |    13 |       |       |       |       ||    13
       Unarmed           |    51 |    49 |       |       |       ||   100
       Punch             |       |     2 |     4 |       |       ||     6
       Hand axe          |       |    25 |   176 |       |       ||   201
       War axe           |       |       |    37 |   418 |    17 ||   472
Throw: Dart              |       |     2 |     4 |    41 |       ||    47
Invok: Ancestor Identity |     1 |       |       |       |       ||     1
       Ancestor Life: Ba |     1 |       |       |       |       ||     1
       Recall Ancestor   |       |       |       |     1 |       ||     1
  Use: Scroll            |     7 |     5 |     7 |     9 |       ||    28
       Potion            |     3 |     2 |     3 |     2 |     1 ||    11
 Stab: Sleeping          |     1 |     1 |     2 |     3 |       ||     7
       Distracted        |       |       |     3 |    13 |       ||    16
Armor: Robe              |    19 |    19 |    22 |       |       ||    60
       Steam dragon scal |       |       |    11 |     1 |       ||    12
       Acid dragon scale |       |       |       |    43 |       ||    43
       Troll leather arm |       |       |       |    39 |     9 ||    48
Dodge: Dodged            |    38 |    45 |   168 |   269 |    18 ||   538
Block: Kite shield       |       |       |    38 |   214 |    17 ||   269

Table legend: (Time is in decaauts)
 A = Elapsed time spent in this place.
 B = Non-inter-level travel time spent in this place.
 C = Inter-level travel time spent in this place.
 D = Time resting spent in this place.
 E = Time spent auto-exploring this place.
 F = Levels seen in this place.
 G = Mean time per level.
                   A        B        C        D        E       F      G
               +--------+--------+--------+--------+--------+-----+--------+
         Total |  11704 |  11411 |    293 |    200 |   6895 |  18 |  650.2 |
       Dungeon |  11187 |  10894 |    293 |    152 |   6731 |  14 |  799.1 |
        Temple |     79 |     79 |      0 |      0 |     24 |   1 |   79.0 |
  Orcish Mines |     59 |     59 |      0 |      0 |      0 |   1 |   59.0 |
         Abyss |    205 |    205 |      0 |     48 |     30 |   1 |  205.0 |
      Gauntlet |    172 |    172 |      0 |      0 |    110 |   1 |  172.0 |
               +--------+--------+--------+--------+--------+-----+--------+

Top non-repeatable levels by time:
    D:12: 1267 daAuts
    D:11: 1112 daAuts
     D:3: 1050 daAuts
     D:9: 1028 daAuts
     D:6: 970 daAuts
     D:5: 937 daAuts
     D:7: 877 daAuts
    D:10: 842 daAuts
     D:1: 750 daAuts
     D:4: 696 daAuts
     D:2: 595 daAuts
     D:8: 570 daAuts
    D:13: 482 daAuts
 Abyss:2: 205 daAuts
Gauntlet: 172 daAuts
